Map: Orbital Shipyard

Players

capac - Winner!

  • Race: Terran Terran
  • League: Gold

A.I. 1 (Elite)

  • Race: Protoss Protoss

VOD

Have the link to the VOD?

Description

Time

  • Played on: Feb. 26, 2016, 11:15 a.m.
  • Length: 14:30
Show
View Real Time Build Order
Export as new Build Order

capac Terran - Winner!

Build Orders: MMM Bio 

Get SALT Encoding   

  12  0:01  SCV  
  13  0:13  SCV  
  14  0:18  Supply Depot  
  14  0:25  SCV  
  15  0:40  SCV  
  15  0:42  Barracks  
  16  0:46  Refinery  
  16  0:52  SCV  
  17  1:04  SCV  
  18  1:16  SCV  
  19  1:28  SCV  
  20  1:36  Barracks Reactor, Command Center  
  20  1:45  Orbital Command  
  20  1:58  Supply Depot  
  20  2:15  Marine x2  
  22  2:16  SCV  
  23  2:25  Barracks  
  23  2:30  Factory  
  23  2:32  SCV  
  23  2:35  Refinery  
  24  2:38  Marine  
  25  2:46  SCV  
  25  2:49  Orbital Command  
  26  2:57  Marine x2  
  26  2:58  SCV  
  29  3:12  Barracks Tech Lab  
  29  3:15  Marine x2  
  29  3:17  SCV x2  
  33  3:21  Starport  
  33  3:25  Factory Tech Lab  
  32  3:27  Factory Reactor  
  32  3:29  SCV  
  32  3:30  SCV  
  34  3:35  Marine x2  
  34  3:38  Marine  
  37  3:44  Supply Depot  
  37  3:47  SCV  
  37  3:48  SCV  
  39  3:53  Marine x2  
  41  3:56  Stimpack  
  41  3:57  Marine  
  42  4:07  SCV x2  
  44  4:11  Supply Depot, Marine x2  
  44  4:14  Medivac  
  44  4:15  Medivac  
  50  4:20  Refinery  
  50  4:22  SCV  
  50  4:23  SCV  
  52  4:26  Marine  
  52  4:28  Marine  
  54  4:32  Marine  
  54  4:33  Factory Tech Lab  
  54  4:36  Supply Depot  
  54  4:38  SCV x2  
  57  4:43  Liberator  
  57  4:44  Liberator  
  57  4:51  SCV  
  57  4:52  SCV  
  59  4:55  Refinery  
  59  4:58  Marine x3  
  62  5:03  SCV  
  62  5:04  SCV  
  70  5:08  Supply Depot  
  70  5:19  Barracks  
  70  5:28  Marine x2  
  70  5:29  Siege Tank, SCV x2  
  70  5:34  Supply Depot  
  72  6:09  Liberator x2  
  72  6:15  Marine x2  
  72  6:16  Marine  
  70  6:24  Barracks Reactor  
  70  6:26  Barracks  
  70  6:29  SCV  
  70  6:30  SCV  
  78  6:33  Marine x3  
  78  6:38  Command Center  
  81  6:48  Siege Tank  
  82  7:00  Marine x3  
  79  7:02  Liberator x2  
  79  7:15  Starport  
  79  7:16  Barracks Reactor  
  79  7:17  Barracks  
  79  7:18  Barracks  
  79  7:22  Siege Tank  
  88  7:27  Supply Depot  
  88  7:28  SCV x2  
  90  7:38  Marine x5  
  95  7:54  Siege Tank  
  98  8:10  Starport Reactor  
  98  8:12  Barracks Reactor x2  
  98  8:19  Marine x6  
  103  8:20  Marine  
  103  8:21  Combat Shields  
  105  8:31  Medivac x2  
  109  8:37  Siege Tank  
  109  8:41  Marine x5  
  112  8:42  Marine x2  
  112  8:46  Supply Depot, SCV x2  
  121  8:50  Marine x4  
  125  9:01  Supply Depot  
  125  9:02  Engineering Bay  
  125  9:05  Engineering Bay  
  125  9:06  Armory  
  125  9:08  Marine x4, Medivac x2  
  133  9:10  Orbital Command  
  133  9:23  Marine x4, Siege Tank, SCV  
  141  9:31  Supply Depot  
  141  9:34  Marine x2  
  141  9:35  Supply Depot, Marine x3  
  146  9:43  Refinery  
  146  9:44  Medivac x2  
  150  9:59  Marine x4  
  154  10:06  Liberator x2  
  154  10:11  Marine x2  
  154  10:12  Marine x2  
  154  10:13  SCV x3  
  161  10:16  Refinery  
  161  10:20  Marine  
  161  10:21  Marine x5  
  173  10:46  Liberator x2  
  173  10:59  SCV  
  146  11:15  Marine x3  
  146  11:16  Marine x5  
  153  11:48  Marine x6  
  153  11:49  Marine x2  
  159  13:12  Marine x4  
  162  13:13  Marine x6  
Show
View Real Time Build Order
Export as new Build Order

A.I. 1 (Elite) Protoss 

Build Orders: 1 Gate Expand 

Get SALT Encoding   

  12  0:01  Probe (Chrono Boost)  
  13  0:11  Probe (Chrono Boost)  
  14  0:20  Pylon  
  14  0:22  Probe (Chrono Boost)  
  15  0:38  Probe (Chrono Boost)  
  16  0:49  Probe (Chrono Boost), Gateway  
  17  0:59  Probe (Chrono Boost)  
  18  1:10  Probe (Chrono Boost)  
  19  1:15  Nexus  
  19  1:20  Probe (Chrono Boost)  
  20  1:31  Probe (Chrono Boost)  
  21  1:35  Zealot, Pylon  
  23  1:45  Cybernetics Core  
  23  1:48  Assimilator  
  24  1:54  Probe (Chrono Boost)  
  24  2:05  Probe (Chrono Boost)  
  26  2:15  Probe (Chrono Boost)  
  26  2:22  Pylon  
  26  2:26  Probe (Chrono Boost), Warp Gate  
  26  2:27  Probe (Chrono Boost)  
  28  2:36  Gateway  
  29  2:37  Probe (Chrono Boost)  
  29  2:41  Assimilator  
  29  2:42  Probe (Chrono Boost)  
  30  2:51  Stalker  
  30  2:55  Probe (Chrono Boost)  
  30  2:56  Pylon  
  30  2:58  Probe (Chrono Boost)  
  34  3:06  Probe (Chrono Boost)  
  34  3:09  Probe (Chrono Boost)  
  36  3:19  Adept  
  36  3:21  Adept  
  36  3:24  Probe (Chrono Boost)  
  36  3:26  Probe (Chrono Boost)  
  42  3:31  Robotics Facility  
  42  3:36  Probe (Chrono Boost)  
  42  3:37  Probe (Chrono Boost)  
  44  3:45  Adept  
  44  3:47  Probe (Chrono Boost)  
  44  3:48  Adept  
  48  3:49  Probe (Chrono Boost)  
  50  3:59  Probe (Chrono Boost)  
  50  4:00  Probe (Chrono Boost)  
  53  4:10  Adept  
  53  4:11  Probe x2 (Chrono Boost), Pylon  
  53  4:12  Adept  
  58  4:22  Probe (Chrono Boost)  
  59  4:24  Pylon  
  59  4:28  Robotics Bay  
  59  4:36  Probe (Chrono Boost)  
  59  4:38  Pylon  
  61  4:39  Probe (Chrono Boost), Observer  
  61  4:44  Gateway  
  62  5:04  Robotics Facility  
  62  5:06  Pylon  
  62  5:07  Zealot  
  62  5:10  Zealot  
  66  5:25  Stalker, Pylon  
  66  5:28  Zealot  
  70  5:33  Gateway  
  70  5:38  Zealot  
  70  5:42  Probe (Chrono Boost)  
  71  5:43  Probe (Chrono Boost)  
  71  5:46  Zealot x2  
  71  5:48  Forge  
  67  5:53  Probe (Chrono Boost), Forge  
  67  5:54  Probe (Chrono Boost)  
  67  5:56  Nexus  
  67  5:57  Sentry  
  69  6:00  Assimilator  
  69  6:02  Assimilator  
  70  6:04  Probe (Chrono Boost), Zealot  
  70  6:05  Sentry  
  70  6:06  Probe (Chrono Boost)  
  68  6:16  Probe (Chrono Boost)  
  68  6:18  Probe (Chrono Boost)  
  66  6:19  Stalker  
  66  6:24  Stalker  
  70  6:28  Probe (Chrono Boost), Stalker  
  70  6:29  Probe (Chrono Boost)  
  74  6:32  Stalker  
  74  6:39  Probe (Chrono Boost)  
  77  6:41  Probe (Chrono Boost)  
  77  6:42  Stalker  
  80  6:48  Stalker  
  80  6:51  Probe (Chrono Boost)  
  80  6:52  Probe (Chrono Boost)  
  84  6:55  Protoss Ground Weapons Level 1  
  84  6:58  Stalker  
  84  7:00  Protoss Ground Armor Level 1  
  87  7:02  Probe (Chrono Boost)  
  87  7:05  Probe (Chrono Boost)  
  88  7:13  Probe (Chrono Boost)  
  88  7:15  Probe (Chrono Boost)  
  91  7:16  Probe (Chrono Boost)  
  91  7:24  Probe (Chrono Boost)  
  91  7:26  Probe (Chrono Boost)  
  91  7:27  Probe (Chrono Boost)  
  94  7:30  Colossus  
  94  7:35  Probe (Chrono Boost)  
  102  7:38  Probe (Chrono Boost)  
  102  7:39  Probe (Chrono Boost)  
  103  7:46  Probe (Chrono Boost)  
  103  7:49  Probe (Chrono Boost), Pylon  
  103  7:50  Probe (Chrono Boost)  
  106  7:53  Colossus  
  106  7:57  Sentry  
  106  7:58  Probe (Chrono Boost)  
  115  8:01  Probe x2 (Chrono Boost)  
  117  8:07  Pylon  
  117  8:09  Probe (Chrono Boost)  
  117  8:10  Pylon  
  119  8:13  Probe (Chrono Boost)  
  119  8:14  Twilight Council  
  119  8:20  Nexus  
  119  8:26  Probe (Chrono Boost)  
  121  8:28  Probe x2 (Chrono Boost)  
  121  8:33  Photon Cannon  
  122  8:36  Pylon  
  122  8:37  Probe (Chrono Boost)  
  122  8:39  Probe (Chrono Boost)  
  122  8:40  Probe (Chrono Boost), Extended Thermal Lance  
  125  8:43  Photon Cannon, Blink  
  125  8:45  Pylon  
  126  8:48  Probe (Chrono Boost), Protoss Ground Weapons Level 2  
  126  8:57  Photon Cannon  
  126  9:02  Photon Cannon  
  126  9:07  Colossus, Photon Cannon  
  126  9:10  Photon Cannon  
  132  9:21  Assimilator  
  132  9:24  Disruptor, Assimilator  
  135  9:33  Probe x2 (Chrono Boost)  
  135  9:34  Probe (Chrono Boost)  
  130  9:45  Stalker  
  130  9:48  Zealot  
  130  9:50  Stalker  
  112  9:53  Stalker  
  112  9:55  Assimilator  
  112  9:57  Warp Prism  
  112  9:58  Disruptor, Pylon  
  108  10:03  Photon Cannon  
  108  10:06  Stalker  
  115  10:07  Zealot  
  115  10:12  Stalker  
  115  10:13  Assimilator  
  119  10:15  Sentry  
  121  10:25  Sentry  
  121  10:28  Stalker  
  125  10:29  Immortal  
  125  10:31  Immortal  
  133  10:44  Photon Cannon  
  133  10:48  Photon Cannon  
  133  10:53  Zealot x2  
  133  10:54  Zealot x2  
  123  11:06  Colossus, Immortal  
  123  11:08  Stargate  
  99  11:12  Probe (Chrono Boost), Stalker, Sentry x2  
  99  11:13  Zealot  
  90  11:27  Probe (Chrono Boost)  
  90  11:29  Probe (Chrono Boost)  
  90  11:30  Probe (Chrono Boost)  
  90  11:31  Zealot  
  91  11:33  Zealot, Stalker x2  
  91  11:36  Probe (Chrono Boost)  
  96  11:41  Probe (Chrono Boost)  
  96  11:44  Probe (Chrono Boost)  
  96  11:45  Probe (Chrono Boost)  
  86  11:48  Probe (Chrono Boost)  
  86  11:51  Adept  
  86  11:53  Probe (Chrono Boost), Sentry  
  82  11:55  Probe (Chrono Boost), Sentry, Stalker  
  83  12:04  Probe (Chrono Boost)  
  83  12:05  Probe (Chrono Boost)  
  83  12:06  Probe (Chrono Boost)  
  83  12:09  Probe (Chrono Boost), Zealot  
  83  12:14  Probe (Chrono Boost), Sentry  
  75  12:16  Zealot  
  75  12:17  Adept  
  73  12:27  Stalker  
  64  12:34  Adept  
  64  12:35  Zealot  
  64  12:36  Sentry  
  48  12:47  Adept  
  41  13:05  Adept  
Tags
 
Composition
MMM Bio
League
Gold
Matchup
PvT
Add a new tag
Caveats
  • Supply blocks, unpowered buildings, or Contaminate may cause inaccurate times.
  • Supply counts are checked every 10 seconds.